cohdb
Replays
Latest Replays
All Replays
Popular Replays
Top Player Replays
Match Explorer
How It Works
Community
CoH3 Stats
Reddit
Sign in to upload your games and track your stats! →
Sign in with Steam
Match 39463043
Unlisted
Match 39463043
Overview
Messages
Build Orders
End
Vickers Machine Gun Team
Construct Section Command Post
Selects Canadian Shock Battlegroup
Infantry Section
ML 3-inch Mortar Team
Dingo Light Scout Car
Construct Platoon Command Post
Selects Attacking Spirit
Selects Canadian Shock Section
Canadian Shock Section
Construct Company Command Post
Selects Incendiary Munitions
Foot Guards Section
Foot Guards Section
Selects Point Assault
Infantry Training
/人◕ ‿‿ ◕人\
JIANHU
TIAmoRoselia.
Lucuze
Bismarck
Dr Jello
Lancyin
감귤
0
0
Comments
sign in to comment!
No comments posted yet!